SAA
MYRTLE BEACH MERMEN @ MARQUETTE MINERS
09/14/2025
 
TOP OF THE 1ST
Myrtle Beach Mermen batting - Pitching for Marquette Miners : RHP Héctor Silva
Pitching: RHP Héctor Silva
Batting: LHB Sergio Rodríguez 0-0: Called Strike
0-1: Called Strike
0-2: Strikes out swinging, 2-3 out at first.
Batting: RHB Theodore York 0-0: Ball
1-0: Called Strike
1-1: Ball
2-1: Ball
3-1: Swinging Strike
3-2: Strikes out swinging
Batting: RHB Carlos Gómez 0-0: Called Strike
0-1: Ground out 6-3 (Groundball, 6)
Top of the 1st over - 0 run(s), 0 hit(s), 0 error(s), 0 left on base; Myrtle Beach 0 - Marquette 0
BOTTOM OF THE 1ST
Marquette Miners batting - Pitching for Myrtle Beach Mermen : LHP Héctor Ocampo
Pitching: LHP Héctor Ocampo
Batting: RHB Harvey Spectre 0-0: Ball
1-0: Ball
2-0: Foul Ball, location: 2F
2-1: Swinging Strike
2-2: Strikes out looking
Batting: LHB Greg Gross 0-0: Ball
1-0: Foul Ball, location: 2F
1-1: Ball
2-1: Foul Ball, location: 2F
2-2: Ball
3-2: Foul Ball, location: 2F
3-2: Fly out, F7 (Flyball, 7)
Batting: LHB Dale Miller 0-0: Fly out, F9 (Flyball, 9S)
Bottom of the 1st over - 0 run(s), 0 hit(s), 0 error(s), 0 left on base; Myrtle Beach 0 - Marquette 0
TOP OF THE 2ND
Myrtle Beach Mermen batting - Pitching for Marquette Miners : RHP Héctor Silva
Batting: RHB Ben Kennerly 0-0: Fly out, F5 (Line Drive, 56)
Batting: LHB Roberto Veliz 0-0: Called Strike
0-1: Swinging Strike
0-2: Ball
1-2: Foul Ball, location: 2F
1-2: Foul Ball, location: 2F
1-2: Ball
2-2: Ball
3-2: Fly out, F4 (Popup, 34D)
Batting: RHB Sal Haynes 0-0: Ball
1-0: Ball
2-0: DOUBLE (Groundball, 5L)
Batting: RHB Javier Robles 0-0: Called Strike
0-1: Called Strike
0-2: Ball
1-2: DOUBLE (Line Drive, 78D)
Sal Haynes scores
Batting: RHB Maikel Cobblepot 0-0: Called Strike
0-1: Foul Ball, location: 2F
0-2: Ball
1-2: Ball
2-2: Foul Ball, location: 2F
2-2: Ball
3-2: Strikes out swinging
Top of the 2nd over - 1 run(s), 2 hit(s), 0 error(s), 1 left on base; Myrtle Beach 1 - Marquette 0
BOTTOM OF THE 2ND
Marquette Miners batting - Pitching for Myrtle Beach Mermen : LHP Héctor Ocampo
Batting: RHB Gerald Ambler 0-0: Ball
1-0: Ball
2-0: Ball
3-0: Called Strike
3-1: Base on Balls
Batting: LHB Locke Lamora 0-0: Called Strike
0-1: Ball
1-1: Foul Ball, location: 2F
1-2: SINGLE (Line Drive, 3D)
Gerald Ambler to second
Batting: RHB Isaac Downey 0-0: SINGLE (Groundball, 3D)
Gerald Ambler to third
Locke Lamora to second
Batting: LHB Ramón Hernández 0-0: Ball
1-0: Ball
2-0: Grounds into double play, 4-6-3 (Groundball, 4)
Gerald Ambler scores
Locke Lamora to third
Batting: LHB Propsero Lavin 0-0: Called Strike
0-1: Ball
1-1: Ball
2-1: Foul Ball, location: 2F
2-2: Foul Ball, location: 2F
2-2: Ground out 4-3 (Groundball, 34)
Bottom of the 2nd over - 1 run(s), 2 hit(s), 0 error(s), 1 left on base; Myrtle Beach 1 - Marquette 1
TOP OF THE 3RD
Myrtle Beach Mermen batting - Pitching for Marquette Miners : RHP Héctor Silva
Batting: SHB David Vázquez 0-0: Ball
1-0: Ball
2-0: Foul Ball, location: 2F
2-1: Fly out, F8 (Flyball, 8RXD)
Batting: LHB Sergio Rodríguez 0-0: Ball
1-0: Ball
2-0: Called Strike
2-1: Fly out, F4 (Popup, 34D)
Batting: RHB Theodore York 0-0: Ball
1-0: Swinging Strike
1-1: DOUBLE (Flyball, 78M)
Batting: RHB Carlos Gómez 0-0: Foul Ball, location: 2F
0-1: Swinging Strike
0-2: Ball
1-2: Strikes out swinging
Top of the 3rd over - 0 run(s), 1 hit(s), 0 error(s), 1 left on base; Myrtle Beach 1 - Marquette 1
BOTTOM OF THE 3RD
Marquette Miners batting - Pitching for Myrtle Beach Mermen : LHP Héctor Ocampo
Batting: LHB Dong-hwan Yun 0-0: Ball
1-0: Fly out, F7 (Flyball, 7LM)
Batting: RHB Harvey Spectre 0-0: SINGLE (Line Drive, 8LS)
Batting: LHB Greg Gross 0-0: Called Strike
0-1: Swinging Strike
0-2: Ball
1-2: Strikes out swinging
Batting: LHB Dale Miller 0-0: Called Strike
0-1: Ball
1-1: Fly out, F8 (Flyball, 8RM)
Bottom of the 3rd over - 0 run(s), 1 hit(s), 0 error(s), 1 left on base; Myrtle Beach 1 - Marquette 1
TOP OF THE 4TH
Myrtle Beach Mermen batting - Pitching for Marquette Miners : RHP Héctor Silva
Batting: RHB Ben Kennerly 0-0: Ball
1-0: Called Strike
1-1: Ball
2-1: Ball
3-1: Fly out, F7 (Flyball, 7S)
Batting: LHB Roberto Veliz 0-0: Called Strike
0-1: Ball
1-1: SINGLE (Groundball, 34S) (infield hit)
Batting: RHB Sal Haynes 0-0: Called Strike
0-1: Foul Ball, location: 2F
0-2: Fly out, F8 (Flyball, 8LD)
Batting: RHB Javier Robles 0-0: Called Strike
0-1: SINGLE (Line Drive, 6MD)
Roberto Veliz to second
Batting: RHB Maikel Cobblepot 0-0: Ball
1-0: Ball
2-0: Called Strike
2-1: Ball
3-1: Swinging Strike
3-2: Base on Balls
Roberto Veliz to third
Javier Robles to second
Batting: SHB David Vázquez 0-0: Ball
1-0: Called Strike
1-1: Ball
2-1: Ground out 1-3 (Groundball, 13S)
Top of the 4th over - 0 run(s), 2 hit(s), 0 error(s), 3 left on base; Myrtle Beach 1 - Marquette 1
BOTTOM OF THE 4TH
Marquette Miners batting - Pitching for Myrtle Beach Mermen : LHP Héctor Ocampo
Batting: RHB Gerald Ambler 0-0: Called Strike
0-1: Ball
1-1: Swinging Strike
1-2: Ground out 6-3 (Groundball, 6D)
Batting: LHB Locke Lamora 0-0: Called Strike
0-1: Ball
1-1: Foul Ball, location: 2F
1-2: Ground out 2-3 (Groundball, 2R)
Batting: RHB Isaac Downey 0-0: Foul Ball, location: 2F
0-1: Ball
1-1: Fly out, F6 (Popup, 6D)
Bottom of the 4th over - 0 run(s), 0 hit(s), 0 error(s), 0 left on base; Myrtle Beach 1 - Marquette 1
TOP OF THE 5TH
Myrtle Beach Mermen batting - Pitching for Marquette Miners : RHP Héctor Silva
Batting: LHB Sergio Rodríguez 0-0: Ball
1-0: Foul Ball, location: 2F
1-1: Ball
2-1: Ball
3-1: Base on Balls
Batting: RHB Theodore York 0-0: Ball
1-0: Called Strike
1-1: Swinging Strike
1-2: Ball
2-2: Ball
3-2: Foul Ball, location: 2F
3-2: Strikes out swinging
Batting: RHB Carlos Gómez 0-0: Ball
1-0: Called Strike
Sergio Rodríguez steals 2nd base
1-1: Called Strike
1-2: Ball
2-2: Fly out, F8 (Flyball, 8LS)
Batting: RHB Ben Kennerly 0-0: Called Strike
0-1: Swinging Strike
0-2: Ball
1-2: Ball
2-2: Foul Ball, location: 2F
2-2: Ball
3-2: Strikes out swinging, 2-3 out at first.
Top of the 5th over - 0 run(s), 0 hit(s), 0 error(s), 1 left on base; Myrtle Beach 1 - Marquette 1
BOTTOM OF THE 5TH
Marquette Miners batting - Pitching for Myrtle Beach Mermen : LHP Héctor Ocampo
Batting: LHB Ramón Hernández 0-0: Ball
1-0: Foul Ball, location: 2F
1-1: Foul Ball, location: 2F
1-2: Foul Ball, location: 2F
1-2: DOUBLE (Line Drive, 7LS)
Batting: LHB Propsero Lavin 0-0: SINGLE (Groundball, 56D)
Ramón Hernández to third
Runner from 3rd tries for Home, SAFE, throw made home
Propsero Lavin to second
Batting: LHB Dong-hwan Yun 0-0: Ball
1-0: Ball
2-0: Called Strike
2-1: Ball
3-1: Base on Balls
Batting: RHB Harvey Spectre 0-0: Called Strike
0-1: Sac Bunt - play at first, batter OUT! 1-4
Propsero Lavin to third
Dong-hwan Yun to second
Batting: LHB Greg Gross 0-0: Ball
1-0: Ball
2-0: SINGLE (Groundball, 4MD)
Propsero Lavin scores
Dong-hwan Yun to third
Runner from 3rd tries for Home, SAFE, no throw
Batting: LHB Dale Miller 0-0: Fly out, F8 (Flyball, 89M)
Batting: RHB Gerald Ambler 0-0: Ball
1-0: Called Strike
1-1: Ball
2-1: Foul Ball, location: 2F
2-2: Ball
3-2: Base on Balls
Greg Gross to second
Batting: LHB Locke Lamora 0-0: Called Strike
0-1: Fly out, F7 (Line Drive, 7)
Bottom of the 5th over - 3 run(s), 3 hit(s), 0 error(s), 2 left on base; Myrtle Beach 1 - Marquette 4
TOP OF THE 6TH
Myrtle Beach Mermen batting - Pitching for Marquette Miners : RHP Héctor Silva
Batting: LHB Roberto Veliz 0-0: Called Strike
0-1: Called Strike
0-2: Ball
1-2: Foul Ball, location: 2F
1-2: Ball
2-2: Strikes out swinging
Batting: RHB Sal Haynes 0-0: Foul Ball, location: 2F
0-1: Ball
1-1: Fly out, F8 (Line Drive, 8RS)
Batting: RHB Javier Robles 0-0: Foul Ball, location: 2F
0-1: Ball
1-1: Ball
2-1: Ball
3-1: Base on Balls
Pitching: RHP Mario Castillo
Batting: RHB Maikel Cobblepot 0-0: Called Strike
Javier Robles steals 2nd base
0-1: Called Strike
0-2: Ball
1-2: Ball
2-2: Ball
3-2: SINGLE (Line Drive, 6)
Javier Robles to third
Javier Robles scores
Batting: SHB David Vázquez 0-0: Ball
1-0: Called Strike
1-1: Swinging Strike
1-2: Strikes out swinging
Top of the 6th over - 1 run(s), 1 hit(s), 0 error(s), 1 left on base; Myrtle Beach 2 - Marquette 4
BOTTOM OF THE 6TH
Marquette Miners batting - Pitching for Myrtle Beach Mermen : LHP Héctor Ocampo
Batting: RHB Isaac Downey 0-0: Ball
1-0: Ball
2-0: Ball
3-0: Base on Balls
Batting: LHB Ramón Hernández 0-0: Bunted foul
0-1: Sac Bunt - play at first, batter OUT! 1-4
Isaac Downey to second
Batting: LHB Propsero Lavin 0-0: Ball
1-0: Swinging Strike
1-1: Swinging Strike
1-2: Foul Ball, location: 2F
1-2: Strikes out looking
Batting: LHB Dong-hwan Yun 0-0: Ball
1-0: Ball
2-0: Called Strike
2-1: Ball
3-1: Called Strike
3-2: Base on Balls
Batting: RHB Harvey Spectre 0-0: Foul Ball, location: 2F
0-1: Swinging Strike
0-2: Ball
1-2: Fielders Choice at 2nd, 5-4 (Groundball, 56)
Bottom of the 6th over - 0 run(s), 0 hit(s), 0 error(s), 1 left on base; Myrtle Beach 2 - Marquette 4
TOP OF THE 7TH
Myrtle Beach Mermen batting - Pitching for Marquette Miners : RHP Mario Castillo
Batting: LHB Sergio Rodríguez 0-0: Called Strike
0-1: Ball
1-1: Swinging Strike
1-2: Strikes out looking
Batting: RHB Theodore York 0-0: Foul Ball, location: 2F
0-1: Swinging Strike
0-2: Fly out, F5 (Popup, 5S)
Batting: RHB Carlos Gómez 0-0: Called Strike
0-1: Called Strike
0-2: Ball
1-2: Fly out, F3 (Popup, 3L)
Top of the 7th over - 0 run(s), 0 hit(s), 0 error(s), 0 left on base; Myrtle Beach 2 - Marquette 4
BOTTOM OF THE 7TH
Marquette Miners batting - Pitching for Myrtle Beach Mermen : LHP Héctor Ocampo
Batting: LHB Greg Gross 0-0: Ball
1-0: Swinging Strike
1-1: Ground out 4-3 (Groundball, 34D)
Batting: LHB Dale Miller 0-0: Called Strike
0-1: Ball
1-1: Ball
2-1: Foul Ball, location: 2F
2-2: Foul Ball, location: 2F
2-2: Ball
3-2: Base on Balls
Batting: RHB Gerald Ambler 0-0: Ball
1-0: Ball
2-0: Called Strike
2-1: Ball
3-1: Grounds into double play, 5-4-3 (Groundball, 5D)
Bottom of the 7th over - 0 run(s), 0 hit(s), 0 error(s), 0 left on base; Myrtle Beach 2 - Marquette 4
TOP OF THE 8TH
Myrtle Beach Mermen batting - Pitching for Marquette Miners : RHP Mario Castillo
Batting: RHB Ben Kennerly 0-0: Ball
1-0: Ball
2-0: Ball
3-0: Called Strike
3-1: Base on Balls
Pitching: LHP Joaquín Velázquez
Batting: LHB Roberto Veliz 0-0: Ball
1-0: Called Strike
1-1: Ball
2-1: Ball
3-1: SINGLE (Groundball, 25) (infield hit)
Ben Kennerly to second
Batting: RHB Sal Haynes 0-0: Fly out, F8 (Flyball, 78S)
Batting: RHB Javier Robles 0-0: Swinging Strike
0-1: Called Strike
0-2: Ball
1-2: Strikes out swinging
Batting: RHB Maikel Cobblepot 0-0: SINGLE (Flyball, 8LS)
Ben Kennerly to third
Roberto Veliz to second
Runner from 3rd tries for Home, SAFE, no throw
Batting: SHB David Vázquez 0-0: Ball
1-0: Foul Ball, location: 2F
1-1: Fly out, F7 (Flyball, 7S)
Top of the 8th over - 1 run(s), 2 hit(s), 0 error(s), 2 left on base; Myrtle Beach 3 - Marquette 4
BOTTOM OF THE 8TH
Marquette Miners batting - Pitching for Myrtle Beach Mermen : LHP Héctor Ocampo
Pitching: RHP Les Edwards
Batting: LHB Locke Lamora 0-0: Ball
1-0: Ground out 1-3 (Groundball, 13)
Batting: RHB Isaac Downey 0-0: Called Strike
0-1: Ball
1-1: Ball
2-1: SINGLE (Line Drive, 9LM)
Batting: LHB Ramón Hernández 0-0: Ball
1-0: Grounds into double play, 4-6-3 (Groundball, 4M)
Bottom of the 8th over - 0 run(s), 1 hit(s), 0 error(s), 0 left on base; Myrtle Beach 3 - Marquette 4
TOP OF THE 9TH
Myrtle Beach Mermen batting - Pitching for Marquette Miners : LHP Joaquín Velázquez
Pitching: RHP Addick Lubbers
Now at 1B: Octávio Zúñiga
Batting: LHB Sergio Rodríguez 0-0: Foul Ball, location: 2F
0-1: Ball
1-1: Ball
2-1: Ball
3-1: Foul Ball, location: 2F
3-2: Strikes out swinging
Pinch Hitting: RHB Jorge Reyes 0-0: Swinging Strike
0-1: Ball
1-1: Ball
2-1: Ground out 5-3 (Groundball, 56)
Pinch Hitting: LHB Juan Villanueva 0-0: Ball
1-0: Ball
2-0: Ball
3-0: Called Strike
3-1: Base on Balls
Batting: RHB Ben Kennerly 0-0: Fielders Choice at 2nd, 6-4 (Groundball, 6)
Top of the 9th over - 0 run(s), 0 hit(s), 0 error(s), 0 left on base; Myrtle Beach 3 - Marquette 4
Friday, December 30th, 2016 - OOTP Baseball 17.12 Build 75